 Dungeon Crawl Stone Soup version 0.20-a0-983-g35de22d (webtiles) character file.

2993 Ordine the Covert (level 9, 0/63 HPs)
             Began as an Octopode Transmuter on Apr 10, 2017.
             Was a Believer of Cheibriados.
             Slain by a wight
             ... wielding a +3 spear of freezing
              (1 damage)
             ... on level 8 of the Dungeon.
             The game lasted 00:36:53 (11511 turns).

Ordine the Covert (Octopode Transmuter)            Turns: 11511, Time: 00:36:54

Health: 0/63       AC:  6    Str: 15    XL:     9   Next: 83%
Magic:  22/29      EV:  9    Int: 25    God:    Cheibriados [**....]
Gold:   481        SH:  0    Dex: 17    Spells: 8/23 levels left

rFire    x . .     SeeInvis .     - Unarmed
rCold    + + +     Gourm    .   (shield currently unavailable)
rNeg     . . .     Faith    .   (helmet currently unavailable)
rPois    +         Spirit   .   g - amulet of magic regeneration
rElec    .         Reflect  .   k - ring of protection from magic
rCorr    .         Harm     .   s - +2 ring of intelligence
MR       +....                  y - ring of magical power
Stlth    +++.......             (no ring)
Regen    0.2/turn               C - ring of flight
MPRegen  0.4/turn               (no ring)
                                (no ring)
                                (no ring)

@: ice-form, very slightly contaminated, very heavily drained, very slow
A: almost no armour, stealthy swim, amphibious, 8 rings, (constrict 8)
a: End Transformation, Bend Time, Renounce Religion, Evoke Flight


You were on level 8 of the Dungeon.
You worshipped Cheibriados.
Cheibriados was pleased with you.
You were very hungry.
You were a creature of crystalline ice.
You visited 2 branches of the dungeon, and saw 9 of its levels.
You also visited: Sewer.

You collected 481 gold pieces.

Inventory:

Missiles
 e - 273 stones (quivered)
 v - 22 poisoned needles
 I - 4 tomahawks
Jewellery
 g - an amulet of magic regeneration (around neck)
 k - a ring of protection from magic (left front paw)
 s - a +2 ring of intelligence (right front paw)
 y - a ring of magical power (on tentacle)
 B - an uncursed ring of fire
 C - a ring of flight (on tentacle)
Wands
 H - a wand of confusion (10/48)
 K - a wand of paralysis (16/24)
Scrolls
 a - 2 scrolls of fog
 m - 9 scrolls of teleportation
 o - 2 scrolls of enchant armour
 r - 2 scrolls of fear
 t - 3 scrolls of magic mapping
 D - a scroll of blinking
 F - 3 scrolls of remove curse
 J - a scroll of recharging
Potions
 d - a potion of mutation
 i - a potion of agility
 j - 2 potions of curing
 n - 3 potions of cancellation {unknown}
 p - 3 potions of flight
 u - a potion of degeneration {unknown}
 x - a potion of ambrosia
 z - a potion of brilliance {unknown}
 E - a potion of magic {unknown}
Books
 b - a book of Changes

   Spells                             Type                      Level
   a - Beastly Appendage              Transmutation                1
   b - Sticks to Snakes               Transmutation                2
   c - Spider Form                    Transmutation/Poison         3
   d - Ice Form                       Ice/Transmutation            4
   e - Blade Hands                    Transmutation                5
 h - a book of Minor Magic

   Spells                             Type                      Level
   a - Magic Dart                     Conjuration                  1
   b - Blink                          Translocation                2
   c - Call Imp                       Summoning                    2
   d - Slow                           Hexes                        2
   e - Conjure Flame                  Conjuration/Fire             3
   f - Mephitic Cloud                 Conjuration/Poison/Air       3
 G - a book of Clouds

   Spells                             Type                      Level
   a - Poisonous Vapours              Poison/Air                   2
   b - Mephitic Cloud                 Conjuration/Poison/Air       3
   c - Conjure Flame                  Conjuration/Fire             3
   d - Freezing Cloud                 Conjuration/Ice/Air          6
   e - Ring of Flames                 Charms/Fire                  7
Comestibles
 c - 7 bread rations
 f - a meat ration
 w - 2 royal jellies
 A - a fruit


   Skills:
 - Level 1.0(0.0) Fighting
 - Level 2.0(0.0) Dodging
 + Level 8.4(4.1) Stealth
 + Level 6.2(2.1) Unarmed Combat
 * Level 7.8(3.6) Spellcasting
 + Level 6.9(2.8) Transmutations


You had 8 spell levels left.
You knew the following spells:

 Your Spells              Type           Power        Failure   Level  Hunger
a - Beastly Appendage     Tmut           ###...       3%          1    None
b - Spider Form           Tmut/Pois      ##........   17%         3    ##.....
c - Ice Form              Ice/Tmut       ##......     63%         4    ####...
d - Blade Hands           Tmut           ###.......   85%         5    ######.
e - Blink                 Tloc           N/A          17%         2    #......


Dungeon Overview and Level Annotations

Branches:
Dungeon (8/15)             Temple (1/1) D:4
   Lair: D:8-11

Altars:
Ashenzari
Cheibriados
Dithmenos
Elyvilon
Fedhas
Gozag
Kikubaaqudgha
Makhleb
Nemelex Xobeh
Okawaru
Qazlal
Ru
Sif Muna
Trog
Uskayaw
Vehumet
Wu Jian
Xom
Yredelemnul
Zin
The Shining One


Innate Abilities, Weirdness & Mutations

You cannot wear most types of armour.
You are very stealthy in the water. (Stealth+)
You are amphibious.
You can wear up to eight rings at the same time.
((You can use your tentacles to constrict eight enemies at once.))
((Your skin changes colour to match your surroundings (Stealth+).))
((Your rubbery body absorbs attacks. (AC +1, EV +1)))


Message History

You hit the wight.
The wight is severely damaged.
The wight barely misses you.
You hit the wight but do no damage.
The wight is severely damaged.
The wight hits you but does no damage.
You barely miss the wight.
The wight is severely damaged.
The wight hits you with a spear of freezing.
* * * LOW HITPOINT WARNING * * *
You barely miss the wight.
The wight is severely damaged.
The wight hits you but does no damage.
You feel better. The wight barely misses you.
You barely miss the wight.
The wight is severely damaged.
The wight hits you with a spear of freezing.
* * * LOW HITPOINT WARNING * * *
You feel drained.
You die...

###.....#...##.#..#.###
#.'(....#......#.......
#.#.)[.##.#.#####.#.###
#.#<)..+..........#.#
#.#....##.#.#######.#
#.#..)..#.#.#.......#
###.......#.#.#.##....#
#......#..#.#.#.##....#
#.######Y.#.....##....#
#.#..).#z.#)....##....#
#.#.##.#..#.....##....#
#.#.<#.#..#.....##....#
#.####)#..#.....##^...#
##......#..###.#.##....###
#..............#.##.......
##.######.................
#.........................


You could see a wight.

Vanquished Creatures
  The ghost of endorz the Cudgeler, an amateur GrFi (D:4)
  A hungry ghost (D:8)
  Duvessa (D:4)
  A water moccasin (D:5)
  2 sky beasts
  2 black bears (D:6)
  A phantom (D:6)
  3 ogres
  A centaur (D:8)
  A big kobold (Sewer)
  3 bullfrogs
  A wyvern zombie (D:8)
  Dowan (D:4)
  A scorpion (D:7)
  4 wights (D:8)
  A crimson imp (D:8)
  3 jellies
  An orc priest (D:7)
  A centaur skeleton (D:7)
  3 hounds
  8 orc wizards
  10 worker ants
  A hound zombie (D:7)
  A hound skeleton (D:7)
  8 adders
  9 gnolls
  5 river rats
  A shadow imp (D:8)
  An adder skeleton (D:4)
  3 worms
  2 dart slugs (D:2)
  6 leopard geckos
  22 orcs
  2 ball pythons
  6 giant cockroaches
  6 hobgoblins
  10 jackals
  A quokka (D:2)
  4 bats
  3 frilled lizards
  9 goblins
  12 kobolds
  10 rats
173 creatures vanquished.

Vanquished Creatures (others)
  An adder (D:3)
1 creature vanquished.

Grand Total: 174 creatures vanquished

Notes
Turn   | Place    | Note
-------+----------+-------------------------------------------
     0 | D:1      | Ordine the Octopode Transmuter began the quest for the Orb.
     0 | D:1      | Reached XP level 1. HP: 13/13 MP: 3/3
    90 | D:1      | Reached XP level 2. HP: 14/18 MP: 5/5
   569 | D:2      | Reached XP level 3. HP: 18/23 MP: 6/6
   620 | D:2      | Reached skill level 1 in Stealth
   631 | D:2      | Found an ornate altar of the Wu Jian Council.
  1112 | D:2      | Found a shattered altar of Ashenzari.
  1136 | D:2      | Reached skill level 2 in Stealth
  1136 | D:2      | Reached XP level 4. HP: 25/28 MP: 8/8
  1586 | D:2      | Learned a level 3 spell: Spider Form
  1591 | D:2      | Learned a level 4 spell: Ice Form
  1712 | D:3      | Reached XP level 5. HP: 29/33 MP: 9/9
  1794 | D:3      | Found a glowing drain.
  1799 | Sewer    | Entered a sewer
  2170 | Sewer    | Noticed a big kobold
  2210 | Sewer    | Killed a big kobold
  2210 | Sewer    | Reached skill level 3 in Stealth
  2210 | Sewer    | Reached XP level 6. HP: 24/38 MP: 10/12
  2332 | Sewer    | Found a white marble altar of Elyvilon.
  3361 | D:4      | Found a staircase to the Ecumenical Temple.
  3361 | D:4      | Noticed endorz's ghost (amateur GrFi)
  3868 | Temple   | Entered the Ecumenical Temple
  4125 | D:4      | Killed endorz's ghost
  4125 | D:4      | Reached skill level 4 in Stealth
  4125 | D:4      | Reached XP level 7. HP: 43/43 MP: 12/14
  4191 | D:4      | Noticed Dowan
  4223 | D:4      | Noticed Duvessa
  4692 | D:4      | Killed Duvessa
  4692 | D:4      | Reached skill level 5 in Spellcasting
  4702 | D:4      | Killed Dowan
  4702 | D:4      | Reached skill level 5 in Stealth
  4972 | D:4      | Reached XP level 8. HP: 44/48 MP: 9/16
  5128 | Temple   | Became a worshipper of Cheibriados the Contemplative
  5212 | D:5      | Entered Level 5 of the Dungeon
  5254 | D:5      | Learned a level 5 spell: Blade Hands
  5257 | D:5      | Learned a level 2 spell: Blink
  5272 | D:5      | Found an iron altar of Okawaru.
  6508 | D:6      | Reached skill level 6 in Stealth
  6806 | D:6      | Reached skill level 5 in Transmutations
  6815 | D:6      | Reached skill level 5 in Unarmed Combat
  7086 | D:6      | Found a deep blue altar of Sif Muna.
  7187 | D:6      | Reached * piety under Cheibriados
  7450 | D:6      | Reached skill level 7 in Stealth
  7450 | D:6      | Reached XP level 9. HP: 53/53 MP: 15/19
 10157 | D:7      | Reached ** piety under Cheibriados
 10271 | D:8      | Reached skill level 8 in Stealth
 11508 | D:8      | HP: 2/63 [wight/spear of freezing (4)]
 11511 | D:8      | Slain by a wight

Vault maps used:
D:1:      dpeg_arrival_chambers_temple_mockup
D:2:      lemuel_doored_altar, nicolae_overflow_crystal_walls, first_bread
D:3:      gup_sewer_entry_bowl
D:4:      minmay_temple_entry_butterflies, minmay_misc_feat_iff, uniq_duvessa
D:5:      okawaru_trees_1
D:6:      tgw_sif
D:8:      grunt_ogre_cave
Temple:   minmay_temple_bridge_d
Sewer:    sewer_kobolds

Skill      XL: |  1  2  3  4  5  6  7  8  9 |
---------------+----------------------------+-----
Stealth        | 2 3 4 5 7 8 |  8.4
Spellcasting   | 3 4 5 6 7 |  7.8
Transmutations | 3 4 5 6 |  6.9
Unarmed Combat | 4 5 6 |  6.2
Fighting       | |  1.0
Dodging        | |  2.0

Action                   |  1- 3 |  4- 6 |  7- 9 || total
-------------------------+-------+-------+-------++-------
Melee: Unarmed           |    79 |   170 |   329 ||   578
       Constrict         |    21 |    38 |    22 ||    81
       Tentacles         |    14 |    21 |    15 ||    50
       Punch             |       |     3 |     5 ||     8
Throw: Stone             |       |     6 |     7 ||    13
 Cast: Spider Form       |       |     2 |    26 ||    28
       Beastly Appendage |       |     1 |     1 ||     2
       Ice Form          |       |       |     9 ||     9
  Use: Scroll            |     8 |     7 |     5 ||    20
       Potion            |       |     4 |     5 ||     9
 Stab: Sleeping          |     6 |     6 |    17 ||    29
       Distracted        |       |     1 |     1 ||     2
  Eat: Chunk             |       |    10 |    13 ||    23
       Meat ration       |       |       |     2 ||     2
       Royal jelly       |       |       |     1 ||     1
Armor: Skin              |     4 |    14 |    40 ||    58
Dodge: Dodged            |    47 |    93 |   233 ||   373
